 Dungeon Crawl Stone Soup version 0.29-a0-275-g389c0b56f3 (webtiles) character file.

Game seed: 2210786788454736888

44 brightshaft the Vandal (level 3, -2/18 HPs)
             Began as a Spriggan Hunter on Mar 10, 2022.
             Slain by Sigmund
             ... wielding a +0 scythe
              (7 damage)
             ... on level 2 of the Dungeon.
             The game lasted 00:03:33 (1339 turns).

brightshaft the Vandal (Spriggan Hunter)            Turns: 1339, Time: 00:03:34

Health: -2/18      AC:  2    Str:  8    XL:     3   Next: 41%
Magic:  4/4        EV: 18    Int: 12    God:
Gold:   93         SH:  0    Dex: 17    Spells: 2/2 levels left

rFire   . . .      SeeInvis +   a - +1 hunting sling
rCold   . . .      Faith    .   (no shield)
rNeg    . . .      Spirit   .   b - +0 robe
rPois   .          Reflect  .   (helmet restricted)
rElec   .          Harm     .   (no cloak)
rCorr   .          Rampage  .   (gloves unavailable)
Will    .....                   (boots unavailable)
Stlth   ++........              (no amulet)
HPRegen 0.06/turn               (no ring)
MPRegen 0.09/turn               (no ring)

@: very quick
A: very small, no large weapons, unfitting armour, see invisible, speed 3
a: no special abilities


You were on level 2 of the Dungeon.
You visited 1 branch of the dungeon, and saw 2 of its levels.

You collected 93 gold pieces.

Inventory:

Hand Weapons
 a - a +1 hunting sling (weapon)
Armour
 b - a +0 robe (worn)
Jewellery
 f - a ring of willpower
Scrolls
 c - a scroll of immolation
 d - a scroll of summoning {unknown}
Potions
 e - a potion of curing {unknown}
 g - a potion of resistance {unknown}


   Skills:
 + Level 2.0 Fighting
 + Level 5.2 Slings
 + Level 3.4 Dodging
 + Level 3.0 Stealth


You had 2 spell levels left.
You didn't know any spells.
Your spell library was empty.

Dungeon Overview and Level Annotations

Branches:
Dungeon (2/15)

Altars:

Shops:
D:1 *

Annotations:
D:2 Sigmund


Innate Abilities, Weirdness & Mutations

You are very small and have problems with some larger weapons.
You are too small for most types of armour.
You have supernaturally acute eyesight. (SInv)
You cover ground extremely quickly. (Speed+++)


Message History

Sigmund shouts!
Sigmund is lightly wounded.
You shoot a sling bullet.
The sling bullet barely misses the giant cockroach.
You shoot a sling bullet.
The sling bullet hits the giant cockroach.
You kill the giant cockroach!
Sigmund mumbles some strange words.
Sigmund flickers and vanishes for a moment.
You shoot a sling bullet. The sling bullet hits Sigmund.
Sigmund is moderately wounded.
Sigmund casts a spell at you. The magic dart hits you.
You shoot a sling bullet.
The sling bullet closely misses Sigmund.
You shoot a sling bullet. The sling bullet hits Sigmund.
Sigmund is heavily wounded.
You shoot a sling bullet. The sling bullet hits Sigmund.
Sigmund is heavily wounded.
Sigmund closely misses you.
You shoot a sling bullet.
The sling bullet closely misses Sigmund.
Sigmund closely misses you.
You shoot a sling bullet.
The sling bullet closely misses Sigmund.
Sigmund gestures at you while chanting. The puff of flame hits you!
Ouch! That really hurt!
* * * LOW HITPOINT WARNING * * *
You are too injured to fight recklessly!
You are too injured to fight recklessly!
You are too injured to fight recklessly!
You are too injured to fight recklessly!
Fire: a) +1 hunting sling
Press: ? - help, Q - select action Shift-Dir - straight line, f/p - Sigmund
Aim: Sigmund, wielding a +0 scythe and wearing a +0 robe (heavily wounded, slightly transparent, 58% to hit)
You shoot a sling bullet.
The sling bullet closely misses Sigmund.
Sigmund hits you from afar with a +0 scythe!
You die...

#.# #######.# #.......#
#.######### #.# #... ..
######+#.##...#.##
....###......†.##...#.#
.....@.........##...#.#
..########@.......##...#.#
..................##...#.#
##########.......###...#.#
#.......# #...#.#
#.......###...#'##
##....###........# #....#
#........# #....#
#........' #....#
#........#


You could see Sigmund (invisible).

Vanquished Creatures
  3 ball pythons
  A bat (D:1)
  3 endoplasms (D:1)
  3 giant cockroaches
  5 goblins
  A hobgoblin (D:1)
  6 jackals (D:1)
  2 quokkas (D:1)
  2 frilled lizards (D:1)
  5 kobolds (D:1)
  7 rats (D:1)
38 creatures vanquished.

Notes
Turn   | Place    | Note
-------+----------+-------------------------------------------
     0 | D:1      | brightshaft the Spriggan Hunter began the quest for the
                  | Orb.
     0 | D:1      | Reached XP level 1. HP: 10/10 MP: 2/2
    78 | D:1      | Reached skill level 5 in Slings
    78 | D:1      | Reached XP level 2. HP: 15/15 MP: 3/3
   314 | D:1      | Found Geuboal's Assorted Antiques.
   517 | D:1      | Reached XP level 3. HP: 16/18 MP: 4/4
  1328 | D:2      | Noticed Sigmund
  1339 | D:2      | Slain by Sigmund

Illustrated notes

Levels and vault maps discovered:
D:1:      scummos_arrival_checkerplants, layout_loops_ring, serial_shops, shop,
          st_stairs_4
D:2:      layout_basic, hellmonk_ecumenical_altar_pennies_from_heaven,
          hex_medium, uniq_sigmund

Skill      XL: |  1  2  3 |
---------------+----------+-----
Stealth        | 2 3 |  3.0
Slings         | 5 |  5.2
Dodging        | 3 |  3.4
Fighting       | 2 |  2.0

Action                   || total
-------------------------++-------
 Fire: Hunting sling     ||   122
Armor: Robe              ||     6
Dodge: Dodged            ||    40

Table legend: (Time is in decaauts)
 A = Elapsed time spent in this place.
 B = Non-inter-level travel time spent in this place.
 C = Inter-level travel time spent in this place.
 D = Time resting spent in this place.
 E = Time spent auto-exploring this place.
 F = Levels seen in this place.
 G = Mean time per level.
                   A        B        C        D        E       F      G
               +--------+--------+--------+--------+--------+-----+--------+
         Total |    944 |    917 |     27 |      0 |    730 |   2 |  472.0 |
       Dungeon |    944 |    917 |     27 |      0 |    730 |   2 |  472.0 |
               +--------+--------+--------+--------+--------+-----+--------+

Top non-repeatable levels by time:
     D:1: 718 daAuts
     D:2: 226 daAuts
